Colorado Rockies vs Los Angeles Kings
Created - Monday, March 31, 2025 at 08:20
Goals
|
| Colorado Rockies |
2 |
1 |
0 |
3 |
| Los Angeles Kings |
1 |
0 |
0 |
1 |
|
Shots
|
| Colorado Rockies |
7 |
7 |
11 |
25 |
| Los Angeles Kings |
8 |
12 |
7 |
27 |
|
1st period
1. Colorado Rockies , Nick Schmaltz 10 (Kyle Connor 17, David Pastrnak 21) at 3:11 (PP)
2. Los Angeles Kings , Logan Cooley 9 (Seth Jarvis 25) at 4:06
3. Colorado Rockies , David Pastrnak 13 (Nick Schmaltz 18) at 7:33 (PP)
Penalties :
Noah Dobson (LAK) for Tripping (Minor) at 2:35, Erik Brannstrom (LAK) for Holding (Minor) at 7:32, Nikita Zadorov (COL) for High sticking (Minor) at 9:41
2nd period
4. Colorado Rockies , David Pastrnak 14 (Victor Hedman 9) at 5:17
Penalties :
Blake Wheeler (LAK) for Slashing (Minor) at 6:15, Nick Schmaltz (COL) for Tripping (Minor) at 14:13
3rd period
No Goal
Penalties :
Vince Dunn (COL) for Tripping (Minor) at 13:50, David Pastrnak (COL) for Roughing (Minor) at 16:46
Goalie Stats
Joey Daccord (COL), 26 saves from 27 shots - (0.963), W, 19-11-3, 60:00 minutes
Andrei Vasilevskiy (LAK), 22 saves from 25 shots - (0.880), L, 7-15-3, 60:00 minutes
Players Stats for Colorado Rockies
Player Name G A P +/- PIM S H SB GA TA FO MP PP MP PK MP
------------------------------------------------------------------------------------
Andrew Peeke 0 0 0 0 0 0 1 2 0 1 0/0 16:26 0:00 1:28
David Pastrnak 2 1 3 1 2 4 3 0 0 0 0/0 19:22 1:22 2:48
Evgeny Kuznetsov 0 0 0 0 0 0 1 0 0 0 0/0 3:17 0:00 0:00
Jesper Bratt 0 0 0 -1 0 1 0 0 0 0 1/3 19:37 1:14 4:01
Kevin Hayes 0 0 0 0 0 0 0 0 0 0 0/0 0:53 0:00 0:00
Kyle Connor 0 1 1 1 0 3 0 0 0 0 1/2 17:06 1:22 0:17
Kyle Palmieri 0 0 0 0 0 3 1 0 1 0 2/2 15:02 0:00 0:50
Martin Fehervary 0 0 0 0 0 0 3 2 0 0 0/0 15:17 0:00 0:27
Michael Bunting 0 0 0 0 0 0 1 0 2 1 0/1 17:18 0:00 0:00
Nick Bonino 0 0 0 0 0 0 0 0 0 0 2/5 5:26 0:00 0:00
Nick Schmaltz 1 1 2 1 2 2 1 0 0 0 6/10 17:23 1:22 0:00
Nikita Kucherov 0 0 0 -1 0 3 1 0 1 0 3/4 22:37 1:14 4:07
Nikita Zadorov 0 0 0 0 2 0 0 0 0 0 0/0 20:28 1:14 3:19
Philipp Kurashev 0 0 0 0 0 1 0 0 0 0 1/8 14:12 0:00 0:00
Quinn Hughes 0 0 0 0 0 2 1 1 1 2 0/0 24:57 1:22 4:39
Tim Stutzle 0 0 0 -1 0 3 1 0 0 0 10/14 19:25 1:14 3:49
Victor Hedman 0 1 1 0 0 3 3 1 0 0 0/0 24:06 1:22 3:27
Vince Dunn 0 0 0 0 2 0 1 0 0 0 0/0 19:08 1:14 2:32
Players Stats for Los Angeles Kings
Player Name G A P +/- PIM S H SB GA TA FO MP PP MP PK MP
------------------------------------------------------------------------------------
Adam Fantilli 0 0 0 -1 0 2 0 1 1 0 6/10 17:52 3:58 0:04
Alexander Alexeyev 0 0 0 -1 0 0 0 1 0 0 0/0 13:54 0:00 0:00
Alexander Romanov 0 0 0 0 0 2 1 0 0 0 0/0 23:39 4:38 1:05
Andrei Svechnikov 0 0 0 -1 0 2 0 0 0 0 0/2 19:35 3:58 1:12
Blake Wheeler 0 0 0 -1 2 1 0 0 0 0 0/0 19:26 3:22 0:00
Cooper Marody 0 0 0 0 0 1 0 0 0 0 2/2 5:38 0:00 0:00
Erik Brannstrom 0 0 0 1 2 0 3 1 0 0 2/6 23:19 3:58 1:38
K'Andre Miller 0 0 0 1 0 2 0 0 0 1 0/0 22:31 3:18 1:31
Logan Cooley 1 0 1 1 0 7 3 1 0 1 9/18 20:25 3:58 1:20
Michael Eyssimont 0 0 0 0 0 1 0 0 1 0 0/1 14:45 0:00 0:00
Michael Milne 0 0 0 0 0 1 1 0 0 1 0/0 13:28 0:00 0:00
Noah Dobson 0 0 0 1 2 1 1 0 1 0 0/0 21:50 3:18 0:55
Owen Power 0 0 0 0 0 1 1 2 0 1 0/0 24:00 4:38 1:05
Peyton Krebs 0 0 0 0 0 5 1 1 1 0 2/5 14:54 0:00 0:04
Ryan Reaves 0 0 0 0 0 0 1 0 0 0 0/0 5:11 0:00 0:00
Seth Jarvis 0 1 1 1 0 1 4 0 0 1 1/4 20:27 3:58 1:30
Trent Frederic 0 0 0 -1 0 0 1 0 0 0 1/1 16:27 0:36 0:00
Vitali Kravtsov 0 0 0 0 0 0 0 0 0 0 0/0 0:00 0:00 0:00
3 Stars
1 - David Pastrnak (COL)
2 - Joey Daccord (COL)
3 - Nick Schmaltz (COL)
Power Play
Colorado Rockies - 2 on 3 Attempt(s) - 66.67%
Los Angeles Kings - 0 on 4 Attempt(s) - 0.00%
Penalty Kill
Colorado Rockies - 4 on 4 Attempt(s) - 100.00%
- Score 0 goal in Penalty Kill
Los Angeles Kings - 1 on 3 Attempt(s) - 33.33%
- Score 0 goal in Penalty Kill
Team Stat
Colorado Rockies - Hits : 18 - Faceoff Wins : 26 - Blocked Shots : 6 - Penalty Minutes : 8
Los Angeles Kings - Hits : 17 - Faceoff Wins : 23 - Blocked Shots : 7 - Penalty Minutes : 6
Official
Referees : Jon Mcisaac and Furman South
Linesman : Kilian McNamara and Brad Kovachik
Game Notes
Michael Milne is injured at 11:52 of 3rd period (Bruised Left Foot)
Finance
Level 1 -- Attendance: 4476 (74.60%) -- Ticket Income $447,600
Level 2 -- Attendance: 3891 (77.82%) -- Ticket Income $233,460
Level 3 -- Attendance: 2396 (79.87%) -- Ticket Income $83,860
Level 4 -- Attendance: 3865 (77.30%) -- Ticket Income $96,625
Luxury Box -- Attendance: 713 (71.30%) -- Ticket Income $142,600
Game was played at the Staples Center.
Total Attendance: 15341 (76.71%)
Total Ticket Income: $1,004,145
Other Income: $351,451
Total Income: $1,355,596
Colorado Rockies
5 vs 5 Forward
Center Left Wing Right Wing Time % Phy DF OF
1 Tim Stutzle Jesper Bratt Nikita Kucherov 30 1 2 2
2 Nick Schmaltz Kyle Connor David Pastrnak 30 1 2 2
3 Philipp Kurashev Kyle Palmieri Michael Bunting 25 1 2 2
4 Nick Bonino Michael Bunting Nikita Kucherov 15 1 2 2
5 vs 5 Defense
Defense Defense Time % Phy DF OF
1 Victor Hedman Quinn Hughes 30 1 2 2
2 Nikita Zadorov Martin Fehervary 30 1 2 2
3 Vince Dunn Andrew Peeke 25 1 2 2
4 Victor Hedman Quinn Hughes 15 1 2 2
PowerPlay Forward
Center Left Wing Right Wing Time % Phy DF OF
1 Tim Stutzle Jesper Bratt Nikita Kucherov 50 1 2 2
2 Nick Schmaltz Kyle Connor David Pastrnak 50 1 2 2
PowerPlay Defense
Defense Defense Time % Phy DF OF
1 Victor Hedman Quinn Hughes 50 1 2 2
2 Nikita Zadorov Vince Dunn 50 1 2 2
Penalty Kill 4 Players Forward
Center Wing Time % Phy DF OF
1 Nikita Kucherov David Pastrnak 50 1 2 2
2 Tim Stutzle Jesper Bratt 50 1 2 2
Penalty Kill 4 Players Defense
Defense Defense Time % Phy DF OF
1 Victor Hedman Vince Dunn 50 1 2 2
2 Nikita Zadorov Quinn Hughes 50 1 2 2
Penalty Kill - 3 Players Forward
Forward Time % Phy DF OF
1 Nikita Kucherov 50 1 2 2
2 David Pastrnak 50 1 2 2
Penalty Kill - 3 Players Defense
Defense Defense Time % Phy DF OF
1 Victor Hedman Vince Dunn 50 1 2 2
2 Nikita Zadorov Quinn Hughes 50 1 2 2
4 vs 4 Forward
Center Wing Time % Phy DF OF
1 Nikita Kucherov David Pastrnak 50 1 2 2
2 Tim Stutzle Jesper Bratt 50 1 2 2
4 vs 4 Defense
Defense Defense Time % Phy DF OF
1 Victor Hedman Quinn Hughes 50 1 2 2
2 Nikita Zadorov Vince Dunn 50 1 2 2
Last Minutes Offensive
Center Left Wing Right Wing Defense Defense
Tim Stutzle Jesper Bratt Nikita Kucherov Victor Hedman Quinn Hughes
Last Minutes Defensive
Center Left Wing Right Wing Defense Defense
Tim Stutzle Jesper Bratt Nikita Kucherov Victor Hedman Quinn Hughes
Goaltenders
Starting : Joey Daccord
Backup : Daniil Tarasov
Extra Forwards
Normal : Evgeny Kuznetsov, Kevin Hayes, Kyle Palmieri - PP : Evgeny Kuznetsov, Kevin Hayes - PK : Kyle Palmieri
Extra Defensemen
Normal : Vince Dunn, Victor Hedman, Nikita Zadorov - PP : Vince Dunn - PK : Victor Hedman, Nikita Zadorov
Penalty Shots
Nikita Kucherov, David Pastrnak, Tim Stutzle, Jesper Bratt, Kyle Connor
Scratches
None
Los Angeles Kings
5 vs 5 Forward
Center Left Wing Right Wing Time % Phy DF OF
1 Logan Cooley Erik Brannstrom Seth Jarvis 30 1 2 2
2 Adam Fantilli Trent Frederic Andrei Svechnikov 30 1 2 2
3 Peyton Krebs Michael Milne Michael Eyssimont 25 1 2 2
4 Cooper Marody Erik Brannstrom Blake Wheeler 15 1 2 2
5 vs 5 Defense
Defense Defense Time % Phy DF OF
1 Noah Dobson K'Andre Miller 35 1 2 2
2 Alexander Romanov Owen Power 35 1 2 2
3 Alexander Alexeyev Blake Wheeler 30 1 2 2
4 Noah Dobson K'Andre Miller 0 1 2 2
PowerPlay Forward
Center Left Wing Right Wing Time % Phy DF OF
1 Logan Cooley Erik Brannstrom Seth Jarvis 50 1 2 2
2 Adam Fantilli Blake Wheeler Andrei Svechnikov 50 1 2 2
PowerPlay Defense
Defense Defense Time % Phy DF OF
1 Noah Dobson K'Andre Miller 50 1 2 2
2 Alexander Romanov Owen Power 50 1 2 2
Penalty Kill 4 Players Forward
Center Wing Time % Phy DF OF
1 Seth Jarvis Andrei Svechnikov 50 1 2 2
2 Erik Brannstrom Logan Cooley 50 1 2 2
Penalty Kill 4 Players Defense
Defense Defense Time % Phy DF OF
1 Noah Dobson K'Andre Miller 50 1 2 2
2 Alexander Romanov Owen Power 50 1 2 2
Penalty Kill - 3 Players Forward
Forward Time % Phy DF OF
1 Seth Jarvis 50 1 2 2
2 Andrei Svechnikov 50 1 2 2
Penalty Kill - 3 Players Defense
Defense Defense Time % Phy DF OF
1 Noah Dobson K'Andre Miller 50 1 2 2
2 Alexander Romanov Owen Power 50 1 2 2
4 vs 4 Forward
Center Wing Time % Phy DF OF
1 Seth Jarvis Andrei Svechnikov 50 1 2 2
2 Erik Brannstrom Logan Cooley 50 1 2 2
4 vs 4 Defense
Defense Defense Time % Phy DF OF
1 Noah Dobson K'Andre Miller 50 1 2 2
2 Alexander Romanov Owen Power 50 1 2 2
Last Minutes Offensive
Center Left Wing Right Wing Defense Defense
Logan Cooley Erik Brannstrom Seth Jarvis Noah Dobson K'Andre Miller
Last Minutes Defensive
Center Left Wing Right Wing Defense Defense
Logan Cooley Erik Brannstrom Seth Jarvis Noah Dobson K'Andre Miller
Goaltenders
Starting : Andrei Vasilevskiy
Backup : Jonas Johansson
Extra Forwards
Normal : Trent Frederic, Ryan Reaves, Seth Jarvis - PP : Trent Frederic, Ryan Reaves - PK : Seth Jarvis
Extra Defensemen
Normal : Noah Dobson, Erik Brannstrom, Alexander Romanov - PP : K'Andre Miller - PK : Erik Brannstrom, Alexander Romanov
Penalty Shots
Seth Jarvis, Andrei Svechnikov, Erik Brannstrom, Logan Cooley, Blake Wheeler
Scratches
Andrei Kuzmenko (Healthy), Jakub Zboril (Healthy)
% Time on Ice - Colorado Rockies
Lines # - Real PCT - Wanted PCT - Time Play
Normal Forward
1 - 27% - 30% - 13:23
2 - 33% - 30% - 16:27
3 - 29% - 25% - 14:12
4 - 11% - 15% - 5:26
Normal Defense
1 - 28% - 30% - 14:02
2 - 32% - 30% - 15:56
3 - 29% - 25% - 14:15
4 - 11% - 15% - 5:15
PP Forward
1 - 47% - 50% - 1:14
2 - 53% - 50% - 1:22
PP Defense
1 - 53% - 50% - 1:22
2 - 47% - 50% - 1:14
PK Forward
1 - 54% - 50% - 4:16
2 - 46% - 50% - 3:40
PK Defense
1 - 49% - 50% - 3:51
2 - 51% - 50% - 4:05
PK3 Forward
1 - 0% - 50%
2 - 0% - 50%
PK3 Defense
1 - 0% - 50%
2 - 0% - 50%
44 Forward
1 - 0% - 50%
2 - 0% - 50%
44 Defense
1 - 0% - 50%
2 - 0% - 50%
Last Minute Offensive - 0:00
Last Minute Defensive - 0:00
Total
Forward - 60:00
Defense - 60:00
|
% Time on Ice - Los Angeles Kings
Lines # - Real PCT - Wanted PCT - Time Play
Normal Forward
1 - 30% - 30% - 14:44
2 - 29% - 30% - 14:21
3 - 30% - 25% - 14:45
4 - 11% - 15% - 5:38
Normal Defense
1 - 38% - 35% - 18:42
2 - 34% - 35% - 16:52
3 - 28% - 30% - 13:54
4 - 0% - 0% - 0:00
PP Forward
1 - 50% - 50% - 3:58
2 - 50% - 50% - 3:58
PP Defense
1 - 42% - 50% - 3:18
2 - 58% - 50% - 4:38
PK Forward
1 - 49% - 50% - 1:16
2 - 51% - 50% - 1:20
PK Defense
1 - 58% - 50% - 1:31
2 - 42% - 50% - 1:05
PK3 Forward
1 - 0% - 50%
2 - 0% - 50%
PK3 Defense
1 - 0% - 50%
2 - 0% - 50%
44 Forward
1 - 0% - 50%
2 - 0% - 50%
44 Defense
1 - 0% - 50%
2 - 0% - 50%
Last Minute Offensive - 0:00
Last Minute Defensive - 0:00
Total
Forward - 60:00
Defense - 60:00
|
Play-by-Play
1st period
0:01 of 1st period - Logan Cooley wins face-off versus Tim Stutzle in neutral zone.
0:12 of 1st period - Wrist shot by Logan Cooley.
0:12 of 1st period - Stopped by Joey Daccord without a rebound.
0:13 of 1st period - Adam Fantilli wins face-off versus Kyle Connor in Colorado Rockies zone.
0:14 of 1st period - Slapshot by Andrei Svechnikov.
0:14 of 1st period - Stopped by Joey Daccord without a rebound.
0:15 of 1st period - Adam Fantilli wins face-off versus Nick Schmaltz in Colorado Rockies zone.
0:16 of 1st period - Snap shot by Andrei Svechnikov.
0:16 of 1st period - Shot Blocked by Martin Fehervary.
0:18 of 1st period - Wrist shot by Alexander Romanov.
0:18 of 1st period - Shot Misses the Net.
0:20 of 1st period - Snap shot by Trent Frederic.
0:20 of 1st period - Shot Misses the Net.
0:22 of 1st period - Slapshot by Alexander Romanov.
0:22 of 1st period - Deflect By Adam Fantilli.
0:22 of 1st period - Stopped by Joey Daccord without a rebound.
0:23 of 1st period - Adam Fantilli wins face-off versus Nick Schmaltz in Colorado Rockies zone.
0:52 of 1st period - Wrist shot by Adam Fantilli.
0:52 of 1st period - Shot Blocked by Martin Fehervary.
0:54 of 1st period - Snap shot by Alexander Romanov.
0:54 of 1st period - Stopped by Joey Daccord without a rebound.
0:55 of 1st period - Peyton Krebs wins face-off versus Philipp Kurashev in Colorado Rockies zone.
1:10 of 1st period - Wrist shot by Peyton Krebs.
1:10 of 1st period - Stopped by Joey Daccord with a rebound.
1:20 of 1st period - Alexander Alexeyev is hit by Tim Stutzle and loses puck.
1:27 of 1st period - Slapshot by Nikita Kucherov.
1:27 of 1st period - Stopped by Andrei Vasilevskiy with a rebound.
1:29 of 1st period - Slapshot by Andrew Peeke.
1:29 of 1st period - Shot Blocked by Logan Cooley.
1:53 of 1st period - Snap shot by David Pastrnak.
1:53 of 1st period - Shot Misses the Net.
2:28 of 1st period - Icing by Martin Fehervary.
2:29 of 1st period - Tim Stutzle wins face-off versus Andrei Svechnikov in Colorado Rockies zone.
2:35 of 1st period - Minor Penalty to Noah Dobson for Tripping.
2:36 of 1st period - Tim Stutzle wins face-off versus Seth Jarvis in Los Angeles Kings zone.
2:37 of 1st period - Slapshot by Nikita Kucherov.
2:37 of 1st period - Shot Misses the Net.
3:09 of 1st period - Snap shot by Kyle Connor.
3:09 of 1st period - Stopped by Andrei Vasilevskiy with a rebound.
3:11 of 1st period - Slapshot by Nick Schmaltz.
3:11 of 1st period - Goal by Nick Schmaltz - Colorado Rockies : 1 - Los Angeles Kings : 0.
3:12 of 1st period - Cooper Marody wins face-off versus Nick Bonino in neutral zone.
3:37 of 1st period - Peyton Krebs is hit by Quinn Hughes and loses puck.
4:00 of 1st period - Snap shot by Jesper Bratt.
4:00 of 1st period - Deflect By Andrei Svechnikov.
4:00 of 1st period - Shot Hit the Post.
4:00 of 1st period - Puck is out of play.
4:01 of 1st period - Logan Cooley wins face-off versus Jesper Bratt in Los Angeles Kings zone.
4:06 of 1st period - Snap shot by Logan Cooley.
4:06 of 1st period - Goal by Logan Cooley - Colorado Rockies : 1 - Los Angeles Kings : 1.
4:07 of 1st period - Seth Jarvis wins face-off versus Philipp Kurashev in neutral zone.
5:02 of 1st period - Off-side.
5:03 of 1st period - Philipp Kurashev wins face-off versus Adam Fantilli in neutral zone.
5:28 of 1st period - Nikita Kucherov is hit by Erik Brannstrom and loses puck.
5:55 of 1st period - Wrist shot by Kyle Connor.
5:55 of 1st period - Stopped by Andrei Vasilevskiy with a rebound.
7:32 of 1st period - Minor Penalty to Erik Brannstrom for Holding.
7:33 of 1st period - Nick Schmaltz wins face-off versus Seth Jarvis in Los Angeles Kings zone.
7:33 of 1st period - Slapshot by David Pastrnak.
7:33 of 1st period - Goal by David Pastrnak - Colorado Rockies : 2 - Los Angeles Kings : 1.
7:34 of 1st period - Logan Cooley wins face-off versus Michael Bunting in neutral zone.
8:10 of 1st period - Snap shot by Nick Schmaltz.
8:10 of 1st period - Stopped by Andrei Vasilevskiy with a rebound.
8:42 of 1st period - Wrist shot by Philipp Kurashev.
8:42 of 1st period - Stopped by Andrei Vasilevskiy without a rebound.
8:43 of 1st period - Cooper Marody wins face-off versus Philipp Kurashev in Los Angeles Kings zone.
8:52 of 1st period - Wrist shot by Erik Brannstrom.
8:52 of 1st period - Deflect By Cooper Marody.
8:52 of 1st period - Stopped by Joey Daccord with a rebound.
8:55 of 1st period - Icing by Philipp Kurashev.
8:56 of 1st period - Kyle Palmieri wins face-off versus Logan Cooley in Colorado Rockies zone.
9:35 of 1st period - Snap shot by Michael Eyssimont.
9:35 of 1st period - Shot Misses the Net.
9:41 of 1st period - Minor Penalty to Nikita Zadorov for High sticking.
9:42 of 1st period - Nikita Kucherov wins face-off versus Logan Cooley in Colorado Rockies zone.
9:57 of 1st period - Wrist shot by Jesper Bratt.
9:57 of 1st period - Shot Misses the Net.
11:41 of 1st period - Penalty to Nikita Zadorov is over, Nikita Zadorov is back on ice.
11:56 of 1st period - Noah Dobson is hit by Kyle Palmieri and loses puck.
12:44 of 1st period - Erik Brannstrom is hit by Martin Fehervary and loses puck.
13:01 of 1st period - Michael Bunting is hit by Seth Jarvis and loses puck.
13:55 of 1st period - Evgeny Kuznetsov is hit by Trent Frederic.
14:39 of 1st period - Quinn Hughes is hit by Erik Brannstrom and loses puck.
15:02 of 1st period - Snap shot by Tim Stutzle.
15:02 of 1st period - Shot Blocked by Owen Power.
16:36 of 1st period - Kyle Connor is hit by Noah Dobson and loses puck.
17:27 of 1st period - Alexander Romanov is hit by Victor Hedman and loses puck.
17:38 of 1st period - Wrist shot by Cooper Marody.
17:38 of 1st period - Shot Blocked by Quinn Hughes.
18:22 of 1st period - Vince Dunn is hit by Peyton Krebs and loses puck.
18:56 of 1st period - Icing by Martin Fehervary.
18:57 of 1st period - Logan Cooley wins face-off versus Tim Stutzle in Colorado Rockies zone.
18:58 of 1st period - Slapshot by Michael Eyssimont.
18:58 of 1st period - Shot Blocked by Andrew Peeke.
19:00 of 1st period - Snap shot by Michael Milne.
19:00 of 1st period - Stopped by Joey Daccord without a rebound.
19:01 of 1st period - Tim Stutzle wins face-off versus Logan Cooley in Colorado Rockies zone.
Goals for this period are 2 for Colorado Rockies vs 1 for Los Angeles Kings.
Shots for this period are 7 for Colorado Rockies vs 8 for Los Angeles Kings.
2nd period
0:01 of 2nd period - Erik Brannstrom wins face-off versus Nick Bonino in neutral zone.
0:33 of 2nd period - Wrist shot by Adam Fantilli.
0:33 of 2nd period - Stopped by Joey Daccord with a rebound.
0:35 of 2nd period - Snap shot by K'Andre Miller.
0:35 of 2nd period - Shot Misses the Net.
0:45 of 2nd period - Slapshot by Tim Stutzle.
0:45 of 2nd period - Deflect By Nikita Kucherov.
0:45 of 2nd period - Shot Blocked by Peyton Krebs.
0:45 of 2nd period - Puck is out of play.
0:46 of 2nd period - Tim Stutzle wins face-off versus Peyton Krebs in Los Angeles Kings zone.
2:07 of 2nd period - Wrist shot by David Pastrnak.
2:07 of 2nd period - Shot Misses the Net.
3:04 of 2nd period - Slapshot by Logan Cooley.
3:04 of 2nd period - Stopped by Joey Daccord without a rebound.
3:05 of 2nd period - Nick Schmaltz wins face-off versus Erik Brannstrom in Colorado Rockies zone.
3:20 of 2nd period - Slapshot by Kyle Connor.
3:20 of 2nd period - Stopped by Andrei Vasilevskiy with a rebound.
3:22 of 2nd period - Slapshot by Quinn Hughes.
3:22 of 2nd period - Stopped by Andrei Vasilevskiy without a rebound.
3:23 of 2nd period - Adam Fantilli wins face-off versus Philipp Kurashev in Los Angeles Kings zone.
3:34 of 2nd period - Snap shot by Andrei Svechnikov.
3:34 of 2nd period - Stopped by Joey Daccord with a rebound.
3:55 of 2nd period - Slapshot by Logan Cooley.
3:55 of 2nd period - Stopped by Joey Daccord without a rebound.
3:56 of 2nd period - Logan Cooley wins face-off versus Nick Bonino in Colorado Rockies zone.
4:51 of 2nd period - Slapshot by Michael Eyssimont.
4:51 of 2nd period - Stopped by Joey Daccord without a rebound.
4:52 of 2nd period - Logan Cooley wins face-off versus Philipp Kurashev in Colorado Rockies zone.
4:53 of 2nd period - Snap shot by Seth Jarvis.
4:53 of 2nd period - Stopped by Joey Daccord with a rebound.
5:17 of 2nd period - Slapshot by David Pastrnak.
5:17 of 2nd period - Goal by David Pastrnak - Colorado Rockies : 3 - Los Angeles Kings : 1.
5:18 of 2nd period - Jesper Bratt wins face-off versus Adam Fantilli in neutral zone.
5:44 of 2nd period - Kyle Connor is hit by Seth Jarvis and loses puck.
5:53 of 2nd period - Snap shot by Logan Cooley.
5:53 of 2nd period - Stopped by Joey Daccord without a rebound.
5:54 of 2nd period - Nick Bonino wins face-off versus Erik Brannstrom in Colorado Rockies zone.
6:07 of 2nd period - Wrist shot by Michael Bunting.
6:07 of 2nd period - Shot Blocked by Erik Brannstrom.
6:09 of 2nd period - Wrist shot by Nick Bonino.
6:09 of 2nd period - Shot Misses the Net.
6:15 of 2nd period - Minor Penalty to Blake Wheeler for Slashing.
6:16 of 2nd period - Nick Schmaltz wins face-off versus Erik Brannstrom in Los Angeles Kings zone.
6:27 of 2nd period - Snap shot by David Pastrnak.
6:27 of 2nd period - Stopped by Andrei Vasilevskiy with a rebound.
6:29 of 2nd period - Snap shot by David Pastrnak.
6:29 of 2nd period - Shot Blocked by Owen Power.
6:31 of 2nd period - Slapshot by Nikita Zadorov.
6:31 of 2nd period - Shot Misses the Net.
6:33 of 2nd period - Wrist shot by Kyle Connor.
6:33 of 2nd period - Shot Hit the Post.
7:17 of 2nd period - Snap shot by Andrei Svechnikov.
7:17 of 2nd period - Shot Blocked by Victor Hedman.
8:14 of 2nd period - Icing by Nick Schmaltz.
8:15 of 2nd period - Penalty to Blake Wheeler is over, Blake Wheeler is back on ice.
8:15 of 2nd period - Nick Schmaltz wins face-off versus Michael Eyssimont in Colorado Rockies zone.
8:52 of 2nd period - Quinn Hughes is hit by Logan Cooley.
9:42 of 2nd period - Slapshot by Alexander Romanov.
9:42 of 2nd period - Stopped by Joey Daccord with a rebound.
10:20 of 2nd period - K'Andre Miller is hit by Martin Fehervary and loses puck.
10:33 of 2nd period - Slapshot by K'Andre Miller.
10:33 of 2nd period - Shot Misses the Net.
10:35 of 2nd period - Slapshot by K'Andre Miller.
10:35 of 2nd period - Stopped by Joey Daccord without a rebound.
10:36 of 2nd period - Tim Stutzle wins face-off versus Peyton Krebs in Colorado Rockies zone.
10:41 of 2nd period - Snap shot by Peyton Krebs.
10:41 of 2nd period - Stopped by Joey Daccord without a rebound.
10:42 of 2nd period - Erik Brannstrom wins face-off versus Nick Schmaltz in Colorado Rockies zone.
10:43 of 2nd period - Snap shot by Logan Cooley.
10:43 of 2nd period - Shot Misses the Net.
11:35 of 2nd period - Slapshot by Tim Stutzle.
11:35 of 2nd period - Stopped by Andrei Vasilevskiy without a rebound.
11:36 of 2nd period - Peyton Krebs wins face-off versus Nikita Kucherov in Los Angeles Kings zone.
11:47 of 2nd period - Quinn Hughes is hit by Michael Milne and loses puck.
11:54 of 2nd period - Slapshot by Noah Dobson.
11:54 of 2nd period - Stopped by Joey Daccord with a rebound.
12:02 of 2nd period - Backhand shot by Peyton Krebs.
12:02 of 2nd period - Stopped by Joey Daccord without a rebound.
12:03 of 2nd period - Nick Schmaltz wins face-off versus Logan Cooley in Colorado Rockies zone.
12:16 of 2nd period - Snap shot by Nick Schmaltz.
12:16 of 2nd period - Deflect By Kyle Connor.
12:16 of 2nd period - Shot Misses the Net.
12:16 of 2nd period - Puck is out of play.
12:17 of 2nd period - Trent Frederic wins face-off versus Tim Stutzle in Los Angeles Kings zone.
12:44 of 2nd period - Victor Hedman is hit by Seth Jarvis.
14:13 of 2nd period - Minor Penalty to Nick Schmaltz for Tripping.
14:14 of 2nd period - Tim Stutzle wins face-off versus Logan Cooley in Colorado Rockies zone.
15:09 of 2nd period - K'Andre Miller is hit by Nikita Kucherov and loses puck.
16:12 of 2nd period - Tim Stutzle is hit by Alexander Romanov and loses puck.
16:13 of 2nd period - Penalty to Nick Schmaltz is over, Nick Schmaltz is back on ice.
16:27 of 2nd period - Slapshot by Tim Stutzle.
16:27 of 2nd period - Shot Misses the Net.
16:39 of 2nd period - Snap shot by Jesper Bratt.
16:39 of 2nd period - Shot Misses the Net.
16:41 of 2nd period - Slapshot by Quinn Hughes.
16:41 of 2nd period - Shot Misses the Net.
16:43 of 2nd period - Slapshot by Quinn Hughes.
16:43 of 2nd period - Shot Blocked by Alexander Alexeyev.
16:45 of 2nd period - Slapshot by Quinn Hughes.
16:45 of 2nd period - Deflect By Tim Stutzle.
16:45 of 2nd period - Stopped by Andrei Vasilevskiy with a rebound.
16:47 of 2nd period - Slapshot by Quinn Hughes.
16:47 of 2nd period - Stopped by Andrei Vasilevskiy without a rebound.
16:48 of 2nd period - Logan Cooley wins face-off versus Philipp Kurashev in Los Angeles Kings zone.
17:24 of 2nd period - Blake Wheeler is hit by Victor Hedman and loses puck.
Goals for this period are 1 for Colorado Rockies vs 0 for Los Angeles Kings.
Shots for this period are 7 for Colorado Rockies vs 12 for Los Angeles Kings.
3rd period
0:01 of 3rd period - Tim Stutzle wins face-off versus Logan Cooley in neutral zone.
0:06 of 3rd period - Slapshot by Jesper Bratt.
0:06 of 3rd period - Stopped by Andrei Vasilevskiy with a rebound.
0:30 of 3rd period - Wrist shot by Michael Eyssimont.
0:30 of 3rd period - Deflect By Peyton Krebs.
0:30 of 3rd period - Stopped by Joey Daccord without a rebound.
0:31 of 3rd period - Nick Schmaltz wins face-off versus Peyton Krebs in Colorado Rockies zone.
0:36 of 3rd period - Blake Wheeler is hit by Nick Schmaltz and loses puck.
0:43 of 3rd period - Slapshot by Blake Wheeler.
0:43 of 3rd period - Stopped by Joey Daccord without a rebound.
0:44 of 3rd period - Tim Stutzle wins face-off versus Logan Cooley in Colorado Rockies zone.
0:44 of 3rd period - Tim Stutzle is hit by Logan Cooley.
0:52 of 3rd period - Wrist shot by Nikita Kucherov.
0:52 of 3rd period - Stopped by Andrei Vasilevskiy with a rebound.
0:54 of 3rd period - Wrist shot by Jesper Bratt.
0:54 of 3rd period - Shot Misses the Net.
1:40 of 3rd period - Slapshot by Owen Power.
1:40 of 3rd period - Stopped by Joey Daccord with a rebound.
1:43 of 3rd period - Icing by David Pastrnak.
1:44 of 3rd period - Kyle Connor wins face-off versus Erik Brannstrom in Colorado Rockies zone.
1:56 of 3rd period - Backhand shot by Kyle Connor.
1:56 of 3rd period - Shot Misses the Net.
1:58 of 3rd period - Wrist shot by David Pastrnak.
1:58 of 3rd period - Stopped by Andrei Vasilevskiy without a rebound.
1:59 of 3rd period - Tim Stutzle wins face-off versus Adam Fantilli in Los Angeles Kings zone.
2:00 of 3rd period - Slapshot by Nikita Kucherov.
2:00 of 3rd period - Deflect By Tim Stutzle.
2:00 of 3rd period - Stopped by Andrei Vasilevskiy with a rebound.
2:02 of 3rd period - Slapshot by Victor Hedman.
2:02 of 3rd period - Stopped by Andrei Vasilevskiy without a rebound.
2:03 of 3rd period - Adam Fantilli wins face-off versus Jesper Bratt in Los Angeles Kings zone.
2:10 of 3rd period - Adam Fantilli is hit by Victor Hedman and loses puck.
2:29 of 3rd period - Snap shot by Nikita Kucherov.
2:29 of 3rd period - Stopped by Andrei Vasilevskiy with a rebound.
2:31 of 3rd period - Snap shot by Kyle Palmieri.
2:31 of 3rd period - Shot Misses the Net.
2:33 of 3rd period - Snap shot by Victor Hedman.
2:33 of 3rd period - Stopped by Andrei Vasilevskiy without a rebound.
2:34 of 3rd period - Logan Cooley wins face-off versus Philipp Kurashev in Los Angeles Kings zone.
2:58 of 3rd period - K'Andre Miller is hit by Michael Bunting and loses puck.
3:20 of 3rd period - Snap shot by Logan Cooley.
3:20 of 3rd period - Stopped by Joey Daccord with a rebound.
3:22 of 3rd period - Snap shot by Logan Cooley.
3:22 of 3rd period - Stopped by Joey Daccord without a rebound.
3:23 of 3rd period - Tim Stutzle wins face-off versus Andrei Svechnikov in Colorado Rockies zone.
4:35 of 3rd period - Erik Brannstrom is hit by Andrew Peeke.
6:30 of 3rd period - Noah Dobson is hit by Vince Dunn and loses puck.
7:07 of 3rd period - Erik Brannstrom is hit by Evgeny Kuznetsov.
8:22 of 3rd period - Michael Bunting is hit by Logan Cooley and loses puck.
8:43 of 3rd period - Tim Stutzle is hit by Ryan Reaves and loses puck.
9:06 of 3rd period - Michael Eyssimont is hit by Martin Fehervary and loses puck.
9:59 of 3rd period - Andrew Peeke is hit by Seth Jarvis and loses puck.
11:06 of 3rd period - Michael Milne is hit by David Pastrnak and loses puck.
11:51 of 3rd period - Michael Milne is hit by David Pastrnak and loses puck.
11:52 of 3rd period - Michael Milne from Los Angeles Kings is injured at 11:52 of 3rd period (Bruised Left Foot).
11:53 of 3rd period - Nick Bonino wins face-off versus Adam Fantilli in Los Angeles Kings zone.
12:24 of 3rd period - Slapshot by K'Andre Miller.
12:24 of 3rd period - Stopped by Joey Daccord with a rebound.
13:40 of 3rd period - Backhand shot by Michael Eyssimont.
13:40 of 3rd period - Shot Blocked by Andrew Peeke.
13:42 of 3rd period - Wrist shot by Peyton Krebs.
13:42 of 3rd period - Stopped by Joey Daccord with a rebound.
13:44 of 3rd period - Slapshot by Alexander Romanov.
13:44 of 3rd period - Shot Misses the Net.
13:50 of 3rd period - Minor Penalty to Vince Dunn for Tripping.
13:51 of 3rd period - Nikita Kucherov wins face-off versus Seth Jarvis in Colorado Rockies zone.
14:16 of 3rd period - Blake Wheeler is hit by David Pastrnak and loses puck.
14:37 of 3rd period - Quinn Hughes is hit by Erik Brannstrom.
14:43 of 3rd period - Jesper Bratt is hit by Owen Power and loses puck.
15:50 of 3rd period - Penalty to Vince Dunn is over, Vince Dunn is back on ice.
16:46 of 3rd period - Minor Penalty to David Pastrnak for Roughing.
16:47 of 3rd period - Nikita Kucherov wins face-off versus Logan Cooley in Colorado Rockies zone.
17:15 of 3rd period - Slapshot by Quinn Hughes.
17:15 of 3rd period - Shot Blocked by Adam Fantilli.
18:12 of 3rd period - Icing by Trent Frederic.
18:13 of 3rd period - Adam Fantilli wins face-off versus Tim Stutzle in Los Angeles Kings zone.
18:46 of 3rd period - Penalty to David Pastrnak is over, David Pastrnak is back on ice.
19:15 of 3rd period - Wrist shot by Kyle Palmieri.
19:15 of 3rd period - Stopped by Andrei Vasilevskiy without a rebound.
19:16 of 3rd period - Kyle Palmieri wins face-off versus Logan Cooley in Los Angeles Kings zone.
19:17 of 3rd period - Slapshot by Michael Bunting.
19:17 of 3rd period - Shot Misses the Net.
19:33 of 3rd period - Slapshot by Michael Bunting.
19:33 of 3rd period - Shot Misses the Net.
19:35 of 3rd period - Snap shot by Kyle Palmieri.
19:35 of 3rd period - Stopped by Andrei Vasilevskiy with a rebound.
19:37 of 3rd period - Slapshot by Victor Hedman.
19:37 of 3rd period - Stopped by Andrei Vasilevskiy with a rebound.
19:39 of 3rd period - Snap shot by Kyle Palmieri.
19:39 of 3rd period - Stopped by Andrei Vasilevskiy without a rebound.
19:40 of 3rd period - Logan Cooley wins face-off versus Nick Schmaltz in Los Angeles Kings zone.
Goals for this period are 0 for Colorado Rockies vs 0 for Los Angeles Kings.
Shots for this period are 11 for Colorado Rockies vs 7 for Los Angeles Kings.
Back to the Top